 Dungeon Crawl Stone Soup version 0.17.0-24-gcfadda4 (console) character file.

4365 Kloppie the Severer (level 10, 0/80 HPs)
             Began as a Minotaur Fighter on Nov 17, 2015.
             Was an Initiate of Makhleb.
             Succumbed to a soldier ant's poison
             ... on level 8 of the Dungeon.
             The game lasted 00:11:44 (6848 turns).

Kloppie the Severer (Minotaur Fighter)              Turns: 6848, Time: 00:11:44

Health: 0/80       AC: 19    Str: 22    XL:     10   Next: 13%
Magic:  9/9        EV:  4    Int:  5    God:    Makhleb [......]
Gold:   627        SH: 11    Dex: 12    Spells: 0 memorised, 9 levels left

rFire  . . .     SeeInvis .     a - +0 war axe
rCold  . . .     Clarity  .     D - +0 plate armour
rNeg   . . .     SustAt   .     b - +2 shield
rPois  .         Gourm    .     (helmet restricted)
rElec  .         Spirit   .     u - +2 cloak
rCorr  .         Warding  .     (no gloves)
rMut   .         Stasis   .     (no boots)
MR     .....                    (no amulet)
Stlth  ..........               (no ring)
                                t - +4 ring of protection

@: lethally poisoned (0 -> -50), not resistant to hostile enchantments,
extremely unstealthy
A: retaliatory headbutt, horns 2
a: Renounce Religion


You were on level 8 of the Dungeon.
You worshipped Makhleb.
Makhleb was noncommittal.
You were not hungry.

You visited 2 branches of the dungeon, and saw 9 of its levels.

You collected 627 gold pieces.

Inventory:

Hand Weapons
 a - a +0 war axe (weapon)
Armour
 b - a +2 shield (worn)
 u - a +2 cloak (worn)
 D - a +0 plate armour (worn)
Jewellery
 t - a +4 ring of protection (left hand)
Wands
 f - a wand of frost (28)
 o - a wand of digging (19)
 H - a wand of paralysis (12)
 I - a wand of fire (4)
Scrolls
 c - 2 scrolls of magic mapping
 d - 2 scrolls of blinking
 h - a scroll of brand weapon {unknown}
 j - 4 scrolls of identify
 l - 5 scrolls of remove curse
 n - 3 scrolls of teleportation {unknown}
 r - 2 scrolls of random uselessness {unknown}
 s - a scroll of recharging {unknown}
 v - a scroll of fog {unknown}
 w - 2 scrolls of noise {unknown}
 y - a scroll of amnesia {unknown}
 A - a scroll of enchant weapon {unknown}
Potions
 g - a potion of cancellation
 k - a potion of invisibility
 q - a potion of cure mutation
 B - 2 potions of lignification {unknown}
 E - a potion of degeneration {unknown}
 F - a potion of mutation {unknown}
Books
 p - a book of Flames

   Spells                             Type                      Level
   a - Flame Tongue                   Conjuration/Fire             1
   b - Throw Flame                    Conjuration/Fire             2
   c - Conjure Flame                  Conjuration/Fire             3
   d - Inner Flame                    Hexes/Fire                   3
   e - Sticky Flame                   Conjuration/Fire             4
   f - Fireball                       Conjuration/Fire             5
 x - a book of Envenomations

   Spells                             Type                      Level
   a - Spider Form                    Transmutation/Poison         3
   b - Alistair's Intoxication        Transmutation/Poison         4
   c - Olgreb's Toxic Radiance        Poison                       4
   d - Poisonous Cloud                Conjuration/Poison/Air       6
Comestibles
 e - 5 bread rations
 i - 2 beef jerkies
 m - 3 meat rations
 z - 3 fruits
 G - a chunk of flesh


   Skills:
 + Level 4.9 Fighting
 - Level 16.0 Axes
 + Level 5.0 Armour
 - Level 3.6 Shields


You had 9 spell levels left.
You didn't know any spells.

Dungeon Overview and Level Annotations

Branches:
Dungeon (8/15)             Temple (1/1) D:4
   Lair: D:8-11

Altars:
Ashenzari
Cheibriados
Dithmenos
Elyvilon
Fedhas
Gozag
Kikubaaqudgha
Makhleb
Nemelex Xobeh
Okawaru
Qazlal
Ru
Sif Muna
Trog
Vehumet
Xom
Zin


Innate Abilities, Weirdness & Mutations

You reflexively headbutt those who attack you in melee.
You have a pair of horns on your head.


Message History

The queen ant stings you but does no damage.
Drink which item? (? for menu, Esc to quit)
Okay, then.
You slash the queen ant! You headbutt the queen ant!
The queen ant is moderately wounded.
* * * LOW HITPOINT WARNING * * *
You feel very sick.
The queen ant stings you but does no damage.
You slash the queen ant!
The queen ant is heavily wounded.
* * * LOW HITPOINT WARNING * * *
You feel very sick.
You slash the queen ant! You headbutt the queen ant.
The queen ant is severely wounded.
* * * LOW HITPOINT WARNING * * *
You feel very sick. You block the queen ant's attack.
You slash the queen ant!
The queen ant is almost dead.
You die...

##.....##
###.......#
#.#......(#
##.#.......#
+...#.....##
##.........#
#.#.......#
##........#
##.†@....##
#..a#...##
##.#######
##.## #
##.## .
########.##
.##....#...#
#.aa.....###
..########


You could see a queen ant.

Vanquished Creatures
  Pikel (D:5)
  Eustachio (D:6)
  5 yaks (D:7)
  4 soldier ants (D:8)
  A water moccasin (D:6)
  An ice beast (D:7)
  3 orc warriors
  2 centaurs
  2 ogres
  2 phantoms
  A necrophage (D:7)
  4 giant frogs
  4 big kobolds (D:4)
  A water moccasin zombie (D:5)
  A scorpion (D:8)
  2 crimson imps (D:7)
  A gnoll shaman (D:7)
  A jelly (D:6)
  2 iguanas (D:6)
  3 orc priests
  An orc wizard (D:6)
  10 worker ants
  Terence (D:3)
  A hound zombie (D:7)
  A worker ant zombie (D:7)
  10 adders
  8 gnolls
  An ooze (D:2)
  8 worms
  3 giant geckos
  27 orcs
  3 ball pythons
  4 giant cockroaches
  6 goblins
  13 hobgoblins
  6 jackals (D:3)
  3 quokkas
  10 bats
  A giant gecko zombie (D:7)
  4 giant newts
  43 kobolds
  A quokka skeleton (D:4)
  17 rats
224 creatures vanquished.

Vanquished Creatures (others)
  An ice beast (D:5)
  2 orcs
3 creatures vanquished.

Grand Total: 227 creatures vanquished

Notes
Turn   | Place    | Note
--------------------------------------------------------------
     0 | D:1      | Kloppie the Minotaur Fighter began the quest for the Orb.
     0 | D:1      | Reached XP level 1. HP: 19/19 MP: 0/0
   187 | D:1      | Reached XP level 2. HP: 26/26 MP: 1/1
   241 | D:1      | Reached skill level 4 in Axes
   582 | D:2      | Reached XP level 3. HP: 31/31 MP: 2/2
   650 | D:2      | Reached skill level 5 in Axes
   678 | D:2      | Reached XP level 4. HP: 26/39 MP: 3/3
   979 | D:2      | Found a stormy altar of Qazlal.
   981 | D:2      | Noticed a water elemental
   982 | D:2      | Noticed an earth elemental
   982 | D:2      | Noticed a fire elemental
   982 | D:2      | Noticed an air elemental
  1304 | D:3      | Reached skill level 6 in Axes
  1400 | D:3      | Reached XP level 5. HP: 42/45 MP: 4/4
  1568 | D:3      | Found a faded altar to an unknown god.
  1648 | D:3      | Found a shimmering altar of Xom.
  1732 | D:3      | Noticed Terence
  1750 | D:3      | Killed Terence
  1751 | D:3      | Reached skill level 7 in Axes
  2129 | D:4      | Reached XP level 6. HP: 51/51 MP: 5/5
  2192 | D:4      | Noticed an ogre
  2209 | D:4      | Killed an ogre
  2209 | D:4      | Reached skill level 8 in Axes
  2868 | D:4      | Reached skill level 9 in Axes
  2868 | D:4      | Reached XP level 7. HP: 57/57 MP: 6/6
  2951 | D:4      | Reached skill level 10 in Axes
  3181 | D:4      | Found a staircase to the Ecumenical Temple.
  3190 | Temple   | Entered the Ecumenical Temple
  3478 | D:5      | Entered Level 5 of the Dungeon
  3678 | D:5      | Noticed Pikel
  3695 | D:5      | Killed Pikel
  3695 | D:5      | Reached skill level 12 in Axes
  3695 | D:5      | Reached XP level 8. HP: 40/64 MP: 7/7
  4152 | D:5      | Found an opulent altar of Gozag.
  4153 | D:5      | Found a sparkling altar of Nemelex Xobeh.
  4388 | D:5      | Noticed a moth of wrath
  4391 | D:5      | Found a bloodstained altar of Trog.
  4490 | D:5      | Found a sacrificial altar of Ru.
  4771 | D:6      | Found a white marble altar of Elyvilon.
  4985 | D:6      | Noticed Eustachio
  4993 | D:6      | Reached skill level 13 in Axes
  5005 | D:6      | HP: 1/64 [Eustachio/wand of lightning (25)]
  5047 | D:6      | HP: 3/64 [iguana (6)]
  5048 | D:6      | HP: 1/64 [iguana (2)]
  5494 | D:6      | Killed Eustachio
  5672 | D:6      | Reached XP level 9. HP: 45/70 MP: 8/8
  5882 | D:7      | Reached skill level 14 in Axes
  5896 | D:7      | Found a deep blue altar of Sif Muna.
  6045 | D:7      | Reached skill level 15 in Axes
  6110 | D:7      | Found an iron altar of Okawaru.
  6211 | D:7      | Found a burning altar of Makhleb.
  6220 | D:7      | Became a worshipper of Makhleb the Destroyer
  6489 | D:8      | Reached skill level 16 in Axes
  6509 | D:8      | Reached XP level 10. HP: 52/78 MP: 9/9
  6525 | D:8      | Noticed a queen ant
  6844 | D:8      | Reached skill level 5 in Armour
  6847 | D:8      | HP: 2/80 [poisoned by a soldier ant]
  6848 | D:8      | Succumbed to a soldier ant's poison

Action                   |  1- 3 |  4- 6 |  7- 9 | 10-12 || total
-------------------------+-------+-------+-------+-------++-------
Melee: War axe           |    72 |   198 |   325 |    58 ||   653
  Use: Potion            |       |     1 |     5 |     1 ||     7
       Scroll            |       |       |     7 |       ||     7
  Eat: Chunk             |       |     5 |    12 |     1 ||    18
       Pizza             |       |       |     1 |       ||     1
